 Dungeon Crawl Stone Soup version 0.19.4-10-g532645f (webtiles) character file.

312240 symbioosi the Minotaur Blade (level 20, -3/198 HPs)
             Began as a Minotaur Berserker on Feb 16, 2017.
             Was the Champion of Trog.
             Slain by a vault warden
             ... wielding a +3 halberd of chopping
              (6 damage)
             ... on level 2 of the Vaults on Feb 25, 2017.
             The game lasted 04:09:15 (42046 turns).

symbioosi the Minotaur Blade (Minotaur Berserker)  Turns: 42046, Time: 04:09:16

Health: -3/198     AC: 30    Str: 27    XL:     20   Next: 43%
Magic:  0/19       EV: 20    Int:  6    God:    Trog [******]
Gold:   3174       SH: 17    Dex: 13    Spells: 0 memorised, 19 levels left

rFire  + + .     SeeInvis .     G - +6 scimitar of the Tent {slice, rElec}
rCold  + . .     Gourm    .     O - +3 plate armour {rPois}
rNeg   . . .     Faith    +     A - +2 shield of Resistance {rF+ rC+ MR+}
rPois  +         Spirit   +     s - +1 hat {Spirit}
rElec  +         Reflect  .     n - +0 cloak
rCorr  .         Harm     .     a - +2 pair of gloves {Str+3}
MR     ++++.                    f - +1 pair of boots
Stlth  ..........               y - amulet of faith
                                M - ring "Zulex" {rF+ MR++ Str-4 Int+2 Stlth+}
                                J - ring of Shaolin {EV+8}

@: exhausted, slowed, studying Polearms, very slow
A: retaliatory headbutt, horns 2, regeneration 1
a: Berserk, Trog's Hand, Brothers in Arms, Burn Spellbooks, Renounce Religion
}: 2/15 runes: decaying, serpentine


You were on level 2 of the Vaults.
You worshipped Trog.
Trog was exalted by your worship.
You were very hungry.

You visited 7 branches of the dungeon, and saw 36 of its levels.

You collected 3474 gold pieces.
You spent 300 gold pieces at shops.

Inventory:

Hand Weapons
 G - the +6 scimitar of the Tent (weapon) {slice, rElec}
   (Trog gifted it to you on level 3 of the Lair of Beasts)

   It inflicts extra damage upon your enemies.
   It insulates you from electricity.
 I - a +5 antimagic scimitar
Armour
 a - a +2 pair of gloves of strength (worn)
 f - a +1 pair of boots (worn)
 n - a +0 cloak (worn)
 s - a +1 hat of spirit shield (worn)
 v - +0 fire dragon scales
 A - the +2 shield of Resistance (worn) {rF+ rC+ MR+}
   (You found it on level 8 of the Dungeon)

   It protects you from fire.
   It protects you from cold.
   It affects your resistance to hostile enchantments.
 O - a +3 plate armour of poison resistance (worn)
 W - a +2 scale mail of cold resistance
Jewellery
 m - an uncursed ring of fire
 y - an amulet of faith (around neck)
 J - the ring of Shaolin (left hand) {EV+8}
   (You found it on level 1 of the Swamp)

   [ring of evasion]

   It affects your evasion (+8).
 M - the ring "Zulex" (right hand) {rF+ MR++ Str-4 Int+2 Stlth+}
   (You took it off a deep elf knight on level 3 of the Elven Halls)

   [ring of stealth]

   It affects your strength (-4).
   It affects your intelligence (+2).
   It protects you from fire.
   It affects your resistance to hostile enchantments.
   It makes you more stealthy.
Wands
 u - a wand of disintegration (6/24)
Scrolls
 c - 14 scrolls of remove curse
 d - 4 scrolls of fear
 e - 8 scrolls of identify
 g - 3 scrolls of teleportation
 i - 3 scrolls of blinking
 l - a scroll of enchant armour
 o - 4 scrolls of enchant weapon
 q - 2 scrolls of magic mapping
 r - 4 scrolls of holy word
 x - 5 scrolls of recharging
 E - a scroll of vulnerability {unknown}
 K - 4 scrolls of summoning
 N - 2 scrolls of fog
Potions
 b - a potion of heal wounds
 h - 4 potions of flight
 j - a potion of might
 k - 4 potions of curing
 p - a potion of magic
 w - 2 potions of mutation
 C - 2 potions of resistance
 H - 3 potions of invisibility
 L - 5 potions of agility
 P - a potion of cancellation
Books
 S - a manual of Polearms
Miscellaneous
 z - a phial of floods
 B - a fan of gales
 F - a lamp of fire
 Q - a phantom mirror
Comestibles
 t - 3 bread rations
 D - 3 meat rations


   Skills:
 + Level 21.0 Fighting
 * Level 25.9 Long Blades
 * Level 18.3 Armour
 - Level 8.4 Dodging
 - Level 1.5 Stealth
 - Level 15.4 Shields
 + Level 0.7 Unarmed Combat
 - Level 1.0 Evocations


You had 19 spell levels left.
You didn't know any spells.

Dungeon Overview and Level Annotations

Branches:
Dungeon (15/15)            Temple (0/1) D:4            Lair (6/6) D:8
  Swamp (4/4) Lair:4        Snake (4/4) Lair:2        Slime (0/5) Lair:6
    Orc (2/2) D:12            Elf (3/3) Orc:2        Vaults (2/5) D:14
 Depths (0/5) D:15
  Crypt: Vaults:2-3

Altars:
Cheibriados
Dithmenos
Elyvilon
Fedhas
Makhleb
Nemelex Xobeh
Ru
Sif Muna
Trog
Vehumet
Xom
Yredelemnul
Zin
The Shining One
Beogh

Shops:
D:8 *   D:14 :   Orc:2 =*=(%   Snake:2 =}}   Snake:3 :   Vaults:1 (

Annotations:
Lair:5 exclusion: oklob plant


Innate Abilities, Weirdness & Mutations

You reflexively headbutt those who attack you in melee.
You have a pair of horns on your head.
Your natural rate of healing is unusually fast.


Message History

The deep elf sorcerer's eyes start to glow.
You block the deep elf sorcerer's attack.
The vault guard hits you with an enchanted long sword.
* * * LOW HITPOINT WARNING * * *
The vault warden activates a sealing rune.
You block the orc warrior's attack. You block the vault warden's attack.
The deep elf sorcerer hits you with a rapier.
* * * LOW HITPOINT WARNING * * *
The vault guard hits you but does no damage.
You slice the vault guard!!
The vault guard is heavily wounded.
You block the vault warden's attack. You block the vault guard's attack.
You block the deep elf sorcerer's attack.
The orc warrior closely misses you. The vault warden closely misses you.
You slash the vault guard!
The vault guard is severely wounded.
You block the deep elf sorcerer's attack.
You block the vault guard's attack.
The vault warden hits you from afar with a halberd of chopping.
You die...

#.!.J.... #........
#........
######+#######
#......# #.)....#
#.....W# .#....ep#
..+.>.Wp@#
..#...pop###########
#......+.........#
#......#......./.#
#......#.........#
#......#..)......#
#......#.........#
########.........#
######'######'####


You could see 2 vault wardens, 2 vault guards, a deep elf sorcerer, 2 freezing
wraiths and an orc warrior.

Vanquished Creatures
  A tentacled monstrosity (Swamp:4)
  A deep elf blademaster (Elf:2)
  The ghost of Naow the Tortoise, an adept MiBe of Trog (Snake:3)
  Kirke (Lair:4)
  The ghost of Naow the Executioner, an adept MiBe of Trog (Swamp:4)
  3 thorn hunters
  A tengu reaver (Vaults:2)
  4 nagarajas
  5 deep elf sorcerers (Elf:3)
  4 vault wardens
  Aizul (Snake:2)
  Louise (Swamp:3)
  2 deep elf elementalists (Elf:3)
  A war gargoyle (Vaults:2)
  The ghost of humperndinck the Impaler, a journeyman MfGl of Okawaru (Swamp:1)
  6 ironheart preservers
  3 very ugly things
  5 deep elf annihilators
  2 deep elf demonologists
  A dire elephant (Lair:6)
  7 deep elf death magi
  3 ogre magi
  4 fire dragons
  Josephine (D:11)
  Harold (Lair:1)
  A deep elf high priest (Elf:3)
  2 yaktaur captains
  A great orb of eyes (Vaults:2)
  16 hydras
  11 vault guards
  8 naga warriors
  5 death knights
  23 anacondas
  4 centaur warriors
  A death yak (shapeshifter) (D:15)
  12 alligators
  27 dancing weapons
  Urug (Lair:2)
  2 tengu warriors
  4 death yaks (Lair:6)
  8 naga sharpshooters
  An orc high priest (Orc:2)
  A shock serpent (shapeshifter) (D:15)
  9 shock serpents
  Nergalle (Lair:1)
  2 salamander mystics (Snake:4)
  25 deep elf knights
  5 unseen horrors
  10 skeletal warriors
  5 sea snakes
  A sea snake (shapeshifter) (Vaults:2)
  A glowing orange brain (D:15)
  A flayed ghost (Vaults:1)
  3 deep trolls (Vaults:1)
  A death drake (shapeshifter) (Vaults:2)
  3 wizards (Vaults:1)
  10 naga ritualists
  2 shambling mangroves (Swamp:4)
  16 deep elf archers
  2 hill giants
  A phantasmal warrior (Vaults:1)
  9 swamp dragons
  A wolf spider zombie (D:14)
  5 ironbrand convokers
  2 lindwurms (Swamp:4)
  An orb spider (shapeshifter) (Elf:1)
  4 orc knights
  A harpy (Lair:6)
  53 deep elf magi
  11 mana vipers
  6 salamanders
  5 orc sorcerers (Orc:2)
  A cyclops (D:11)
  A manticore (D:13)
  2 salamanders (shapeshifter)
  13 ugly things
  14 elephants
  3 vault sentinels
  36 black mambas
  A black mamba (shapeshifter) (Vaults:1)
  10 guardian serpents
  6 centaur skeletons
  18 spiny frogs
  An ice statue (Swamp:1)
  3 gargoyles
  16 naga magi
  6 rime drakes
  An efreet (D:15)
  7 komodo dragons
  A tengu conjurer (D:15)
  6 yaktaurs
  4 freezing wraiths
  A small abomination (Elf:3)
  12 meliai
  A harpy zombie (D:14)
  15 hornets
  2 polar bears (Lair:6)
  4 trolls
  22 blink frogs
  A wind drake (shapeshifter) (D:14)
  20 slime creatures
  7 tyrant leeches
  6 bog bodies
  A hippogriff (shapeshifter) (Elf:3)
  8 two-headed ogres
  2 meliai zombies
  5 hippogriffs
  11 dream sheep
  7 air elementals
  11 wraiths
  Sigmund (D:5)
  3 water elementals
  3 spriggans
  3 wyverns
  2 spriggans (shapeshifter)
  63 yaks
  A vampire (D:10)
  A hog (Lair:4)
  2 basilisks
  A human simulacrum (Vaults:1)
  A fire elemental (Elf:3)
  2 hungry ghosts (D:12)
  2 steam dragons (Swamp:4)
  18 vampire mosquitoes
  7 mottled dragons
  A mottled dragon (shapeshifter) (D:15)
  A yaktaur simulacrum (Vaults:1)
  16 insubstantial wisps
  2 wargs (Orc:1)
  41 nagas
  24 swamp worms
  2 hell hounds (D:8)
  21 water moccasins
  4 porcupines
  4 sky beasts
  20 orc warriors
  Duvessa (D:4)
  3 black bears
  5 swamp drakes
  4 ice beasts
  A phantom (D:4)
  A necrophage (D:12)
  3 wolves (Lair:4)
  9 centaurs
  15 ogres
  17 crocodiles
  A big kobold (D:12)
  12 bullfrogs
  5 earth elementals
  Dowan (D:4)
  A glowing shapeshifter simulacrum (Vaults:1)
  2 scorpions
  14 killer bees
  7 wights
  7 electric eels
  3 howler monkeys
  6 centaur zombies
  9 crimson imps
  7 hounds
  4 jellies
  A quasit (D:7)
  A lava snake (Swamp:4)
  3 bullfrog zombies
  18 orc priests
  23 orc wizards
  2 bullfrog skeletons
  3 iguanas
  13 worker ants
  A hound skeleton (D:9)
  7 gnolls
  11 adders
  4 shadow imps
  A white imp (D:6)
  2 oozes
  An adder skeleton (D:5)
  An adder zombie (D:5)
  A worm (D:2)
  4 dart slugs
  6 leopard geckos
  52 orcs
  4 bats
  5 giant cockroaches
  7 goblins
  5 hobgoblins
  7 jackals
  17 kobolds
  7 quokkas
  3 ball pythons
  4 frilled lizards
  2 goblin zombies (D:6)
  8 hobgoblin zombies (D:6)
  A kobold skeleton (D:6)
  A kobold zombie (D:6)
  An orc skeleton (D:6)
  2 quokka skeletons
  12 rats
  A butterfly (D:2)
  2 fungi
  4 plants
1303 creatures vanquished.

Vanquished Creatures (collateral kills)
  3 deep elf blademasters (Elf:3)
  Gastronok (D:10)
  A nagaraja (Snake:4)
  A deep elf sorcerer (Elf:3)
  4 deep elf demonologists (Elf:3)
  2 deep elf death magi (Elf:3)
  Snorg (D:10)
  A deep elf high priest (Elf:3)
  A rakshasa (Vaults:1)
  A hydra (Lair:3)
  A merfolk avatar (Lair:6)
  A naga sharpshooter (Snake:4)
  A deep elf knight (Elf:3)
  A deep elf archer (Elf:3)
  An ironbrand convoker (Vaults:1)
  2 orc sorcerers (Orc:2)
  4 deep elf magi
  2 ugly things (D:15)
  3 slime creatures (D:15)
  An elephant (Lair:6)
  A vault sentinel (Vaults:1)
  A rime drake (Lair:6)
  2 nagas (Snake:4)
  A necrophage (D:10)
  2 orc warriors (Orc:2)
  2 ogres (Vaults:1)
  3 orc wizards (Orc:2)
  5 orc priests (Orc:2)
50 creatures vanquished.

Vanquished Creatures (others)
  A deep elf demonologist (Elf:3)
  3 hydras (Swamp:4)
  A deep elf knight (Elf:2)
  A lindwurm (Swamp:4)
  3 deep elf magi
  A steam dragon (Swamp:4)
  2 mottled dragons (Swamp:4)
  An orc wizard (Orc:2)
  A quokka (D:15)
  14 fungi
  22 plants
50 creatures vanquished.

Grand Total: 1403 creatures vanquished

Notes
Turn   | Place    | Note
-------+----------+-------------------------------------------
     0 | D:1      | symbioosi the Minotaur Berserker began the quest for the Orb.
     0 | D:1      | Reached XP level 1. HP: 19/19 MP: 0/0
   120 | D:1      | Reached XP level 2. HP: 21/27 MP: 1/1
   219 | D:1      | Reached skill level 4 in Long Blades
   847 | D:1      | Reached XP level 3. HP: 32/33 MP: 2/2
  1062 | D:2      | Found a shadowy altar of Dithmenos.
  1089 | D:2      | Found a shimmering altar of Xom.
  1104 | D:2      | Reached ** piety under Trog
  1271 | D:2      | Reached skill level 5 in Long Blades
  1271 | D:2      | Reached XP level 4. HP: 40/40 MP: 3/3
  1901 | D:3      | Reached XP level 5. HP: 45/47 MP: 4/4
  1976 | D:3      | Found a blossoming altar of Fedhas.
  1980 | D:3      | Found a snail-covered altar of Cheibriados.
  1985 | D:3      | Found a sparkling altar of Nemelex Xobeh.
  2109 | D:3      | Found a bloodstained altar of Trog.
  2137 | D:3      | Found a white marble altar of Elyvilon.
  2151 | D:3      | Found a radiant altar of Vehumet.
  2347 | D:4      | Noticed a phantom
  2353 | D:4      | Killed a phantom
  2353 | D:4      | Reached skill level 6 in Long Blades
  2353 | D:4      | Reached XP level 6. HP: 52/53 MP: 5/5
  2444 | D:4      | Reached skill level 7 in Long Blades
  2625 | D:4      | Found a staircase to the Ecumenical Temple.
  2662 | D:4      | Found a burning altar of Makhleb.
  2720 | D:4      | Reached *** piety under Trog
  2845 | D:4      | Noticed Duvessa
  2845 | D:4      | Noticed Dowan
  2858 | D:4      | Killed Duvessa
  2858 | D:4      | Reached skill level 5 in Fighting
  2858 | D:4      | Reached XP level 7. HP: 61/61 MP: 6/6
  2860 | D:4      | Killed Dowan
  2893 | D:5      | Entered Level 5 of the Dungeon
  2904 | D:5      | Reached skill level 8 in Long Blades
  2905 | D:5      | Noticed Sigmund
  2916 | D:5      | Killed Sigmund
  2916 | D:5      | Reached skill level 5 in Armour
  3785 | D:5      | Reached skill level 9 in Long Blades
  3785 | D:5      | Reached XP level 8. HP: 68/68 MP: 7/7
  4088 | D:6      | Found a blossoming altar of Fedhas.
  4361 | D:6      | Found a glowing golden altar of the Shining One.
  4669 | D:6      | Found a deep blue altar of Sif Muna.
  5014 | D:7      | Found a basalt altar of Yredelemnul.
  5025 | D:7      | Reached skill level 10 in Long Blades
  5139 | D:7      | Reached skill level 1 in Stealth
  5171 | D:7      | Reached **** piety under Trog
  5468 | D:7      | Reached XP level 9. HP: 56/78 MP: 8/8
  5785 | D:8      | Found a sparkling altar of Nemelex Xobeh.
  5920 | D:8      | Found a staircase to the Lair.
  6091 | D:8      | Found Zin's Purification Station.
  6100 | D:8      | Found a glowing silver altar of Zin.
  6767 | D:8      | Reached skill level 11 in Long Blades
  7006 | D:9      | Reached skill level 1 in Shields
  7399 | D:9      | Reached ***** piety under Trog
  7441 | D:9      | Reached XP level 10. HP: 54/88 MP: 9/9
  7718 | D:10     | Entered Level 10 of the Dungeon
  8142 | D:10     | Reached skill level 12 in Long Blades
  8145 | D:10     | Noticed Snorg
  8182 | D:10     | Killed Snorg
  8182 | D:10     | Reached skill level 5 in Dodging
  8623 | D:10     | Noticed Gastronok
  8754 | D:10     | Killed Gastronok
  8754 | D:10     | Reached skill level 10 in Armour
  8754 | D:10     | Reached skill level 5 in Shields
  8934 | D:11     | Noticed a cyan ugly thing
  8952 | D:11     | Killed a cyan ugly thing
  9012 | D:11     | Reached XP level 11. HP: 59/97 MP: 7/10
  9987 | D:11     | Noticed Josephine
 10016 | D:11     | Killed Josephine
 10018 | D:11     | Reached skill level 13 in Long Blades
 10995 | Lair:1   | Entered Level 1 of the Lair of Beasts
 11033 | Lair:1   | Reached skill level 10 in Fighting
 11192 | Lair:1   | Noticed Nergalle
 11203 | Lair:1   | Killed Nergalle
 11208 | Lair:1   | Received a gift from Trog
 11218 | Lair:1   | Got a fabulously ornate robe
 11248 | Lair:1   | Noticed Harold
 11280 | Lair:1   | Killed Harold
 11280 | Lair:1   | Reached XP level 12. HP: 52/108 MP: 6/11
 11530 | Lair:1   | Identified the cursed +1 robe of the Empire {rPois MR+ Slay-4} (You found it on level 1 of the Lair of Beasts)
 11645 | Lair:1   | You fall through a shaft!
 11645 | Lair:2   | Found a staircase to the Snake Pit.
 11726 | Lair:1   | Reached skill level 10 in Shields
 11729 | Lair:1   | Reached skill level 14 in Long Blades
 11813 | Lair:1   | Noticed a five-headed hydra
 12226 | Lair:1   | Found a shadowy altar of Dithmenos.
 12535 | Lair:2   | Noticed Urug
 12552 | Lair:2   | Killed Urug
 14586 | Lair:3   | Noticed a six-headed hydra
 14971 | Lair:3   | Reached XP level 13. HP: 107/116 MP: 10/12
 15703 | Lair:3   | Received a gift from Trog
 15708 | Lair:3   | Got a bloodstained scimitar {god gift}
 15758 | Lair:3   | Identified the +6 scimitar of the Tent {slice, rElec} (Trog gifted it to you on level 3 of the Lair of Beasts)
 16165 | Lair:4   | Noticed Kirke
 16445 | Lair:4   | Found a staircase to the Swamp.
 16778 | Lair:4   | Killed Kirke
 16778 | Lair:4   | Reached skill level 15 in Long Blades
 17003 | Lair:5   | Received a gift from Trog
 17483 | Lair:6   | Entered Level 6 of the Lair of Beasts
 17518 | Lair:6   | Found a staircase to the Slime Pits.
 17613 | Lair:6   | Reached ****** piety under Trog
 18285 | Lair:6   | Reached XP level 14. HP: 116/127 MP: 13/13
 18949 | Lair:6   | Reached skill level 15 in Shields
 19118 | Lair:6   | Received a gift from Trog
 19541 | D:12     | Found a staircase to the Orcish Mines.
 19667 | D:12     | Reached skill level 16 in Long Blades
 20444 | D:13     | Found a deep blue altar of Sif Muna.
 20918 | D:13     | Received a gift from Trog
 21463 | D:14     | Found a sacrificial altar of Ru.
 21475 | D:14     | Reached XP level 15. HP: 139/139 MP: 14/14
 21622 | D:14     | Found Nafen's Book Boutique.
 21808 | D:14     | Received a gift from Trog
 21828 | D:14     | Reached skill level 17 in Long Blades
 21882 | D:14     | Found a gate to the Vaults.
 22034 | D:14     | Got a faintly glowing falchion
 22193 | D:14     | Reached skill level 15 in Fighting
 22205 | D:14     | Reached skill level 18 in Long Blades
 22492 | D:14     | Identified the +5 falchion of Ash {elec, rC+} (You found it on level 14 of the Dungeon)
 22577 | D:15     | Entered Level 15 of the Dungeon
 22889 | D:15     | Received a gift from Trog
 22940 | D:15     | Found a white marble altar of Elyvilon.
 23599 | D:15     | Noticed a quicksilver dragon
 23601 | D:15     | Noticed a fire giant
 23601 | D:15     | a quicksilver dragon changed into a fire giant
 23609 | D:15     | Noticed an azure jelly
 23609 | D:15     | a fire giant changed into an azure jelly
 23611 | D:15     | an azure jelly changed into a death yak
 23644 | D:15     | Found a staircase to the Depths.
 23978 | Orc:1    | Entered Level 1 of the Orcish Mines
 24244 | Orc:2    | Entered Level 2 of the Orcish Mines
 24244 | Orc:2    | Found Zublorch's Food Boutique.
 24267 | Orc:2    | Found a bloodstained altar of Trog.
 24329 | Orc:2    | Received a gift from Trog
 24440 | Orc:2    | Found a staircase to the Elven Halls.
 24442 | Orc:2    | Gained mutation: Your natural rate of healing is unusually fast. [a neqoxec]
 24599 | Orc:2    | Found Hijetiepn's General Store.
 24599 | Orc:2    | Found Xiorru's Jewellery Boutique.
 24608 | Orc:2    | Found Onenkomi's Jewellery Shop.
 24618 | Orc:2    | Found Vydidibb's Weapon Shop.
 24750 | Orc:2    | Found a roughly hewn altar of Beogh.
 25010 | Orc:2    | Found a roughly hewn altar of Beogh.
 25147 | Orc:2    | Received a gift from Trog
 25156 | Orc:2    | Bought a meat ration for 60 gold pieces
 25156 | Orc:2    | Bought a meat ration for 60 gold pieces
 25156 | Orc:2    | Bought a meat ration for 60 gold pieces
 25156 | Orc:2    | Bought a meat ration for 60 gold pieces
 25156 | Orc:2    | Bought a bread ration for 60 gold pieces
 25480 | Swamp:1  | Entered Level 1 of the Swamp
 25495 | Swamp:1  | Reached skill level 19 in Long Blades
 25616 | Swamp:1  | Reached XP level 16. HP: 150/150 MP: 13/15
 25714 | Swamp:1  | Found a frozen archway.
 25776 | Swamp:1  | Noticed humperndinck's ghost (journeyman MfGl)
 25807 | Swamp:1  | Killed humperndinck's ghost
 25880 | Swamp:1  | Paralysed by a hornet for 3 turns
 26125 | Swamp:1  | Received a gift from Trog
 26832 | Swamp:3  | Noticed a thorn hunter
 26844 | Swamp:3  | Killed a thorn hunter
 27045 | Swamp:3  | Noticed a thorn hunter
 27057 | Swamp:3  | Killed a thorn hunter
 27057 | Swamp:3  | Reached skill level 20 in Long Blades
 27264 | Swamp:3  | Noticed Louise
 27264 | Swamp:3  | Noticed Mara
 27281 | Swamp:3  | Noticed symbioosi's illusion
 27298 | Swamp:3  | Killed Louise
 27328 | Swamp:4  | Entered Level 4 of the Swamp
 27328 | Swamp:4  | Noticed a tentacled monstrosity
 27340 | Swamp:4  | Killed a tentacled monstrosity
 27524 | Swamp:4  | Received a gift from Trog
 27537 | Swamp:4  | Noticed a thorn hunter
 27559 | Swamp:4  | Killed a thorn hunter
 27698 | Swamp:4  | Got a decaying rune of Zot
 27829 | Swamp:4  | Reached skill level 21 in Long Blades
 27935 | Swamp:4  | Noticed Naow's ghost (adept MiBe)
 27961 | Swamp:4  | Killed Naow's ghost
 27988 | Swamp:4  | Received a gift from Trog
 28260 | Lair:4   | Identified a scroll of acquirement
 28314 | Snake:1  | Entered Level 1 of the Snake Pit
 28390 | Snake:1  | Reached XP level 17. HP: 156/161 MP: 16/16
 29492 | Snake:2  | Received a gift from Trog
 29521 | Snake:2  | Found Zeni's Gadget Shop.
 29523 | Snake:2  | Found Rittamea's Jewellery Shoppe.
 29524 | Snake:2  | Found Yrioteapp's Gadget Shop.
 29687 | Snake:2  | Got an ivory long sword {god gift}
 29688 | Snake:2  | Identified the +8 long sword "Azuhuapn" {slice, rElec rC- Int+3} (Trog gifted it to you on level 2 of the Snake Pit)
 29783 | Snake:2  | Noticed Aizul
 29798 | Snake:2  | Killed Aizul
 30083 | Snake:3  | Found Woshaam's Book Emporium.
 30216 | Snake:3  | Reached skill level 22 in Long Blades
 30467 | Snake:3  | Noticed Naow's ghost (adept MiBe)
 30489 | Snake:3  | Killed Naow's ghost
 30801 | Snake:3  | Received a gift from Trog
 30947 | Snake:3  | Reached skill level 15 in Armour
 31223 | Snake:4  | Entered Level 4 of the Snake Pit
 31850 | Snake:4  | Received a gift from Trog
 31982 | Snake:4  | Reached XP level 18. HP: 173/173 MP: 10/17
 32029 | Snake:4  | Reached skill level 23 in Long Blades
 32371 | Snake:4  | Received a gift from Trog
 32700 | Snake:4  | Got a serpentine rune of Zot
 33120 | Elf:1    | Entered Level 1 of the Elven Halls
 33968 | Elf:1    | Received a gift from Trog
 34003 | Elf:1    | Reached skill level 24 in Long Blades
 34555 | Elf:2    | Found a radiant altar of Vehumet.
 34811 | Elf:2    | Got a bloodstained robe
 34824 | Elf:2    | Identified the +1 robe of Jugreh {rCorr Str-2 Int+5} (You found it on level 2 of the Elven Halls)
 35059 | Elf:2    | Reached XP level 19. HP: 147/184 MP: 16/18
 35075 | Elf:2    | Found a runed gate.
 35075 | Elf:2    | Found a runed gate.
 35080 | Elf:2    | Found a runed gate.
 35466 | Elf:2    | Received a gift from Trog
 36298 | Elf:3    | Entered Level 3 of the Elven Halls
 36893 | Elf:3    | Received a gift from Trog
 37909 | Elf:3    | Noticed a Tzitzimitl
 37940 | Elf:3    | Noticed a Brimstone Fiend
 37941 | Elf:3    | Reached skill level 25 in Long Blades
 38330 | Elf:3    | Got a steaming rapier {pain}
 38334 | Elf:3    | Got a shimmering jade ring
 38451 | Elf:3    | Reached skill level 1 in Evocations
 38453 | Elf:3    | Got a wavering bronze ring
 38636 | Elf:3    | Received a gift from Trog
 38708 | Elf:3    | Got a bloodstained ring mail
 38860 | Elf:3    | Identified the cursed ring of Veleps {Dex-5 Stlth+} (You took it off a deep elf sorcerer on level 3 of the Elven Halls)
 38864 | Elf:3    | Identified the ring "Zulex" {rF+ MR++ Str-4 Int+2 Stlth+} (You took it off a deep elf knight on level 3 of the Elven Halls)
 38869 | Elf:3    | Identified the +3 rapier of Losoled {pain, Dex+2} (You took it off a deep elf demonologist on level 3 of the Elven Halls)
 38898 | Elf:3    | Identified the cursed +1 ring mail of Allysu {+Fly Str+2} (You took it off a deep elf blademaster on level 3 of the Elven Halls)
 38999 | Elf:3    | Got a pair of fine gloves
 39072 | Elf:3    | Identified the cursed -1 pair of gloves of Adeethrui {SInv} (You found it on level 3 of the Elven Halls)
 39357 | Orc:2    | Upgraded the game from 0.19.4-9-g45fd643 to 0.19.4-10-g532645f
 39463 | Vaults:1 | Entered Level 1 of the Vaults
 39463 | Vaults:1 | Found Fyneq's Antique Weapon Shoppe.
 40483 | Vaults:1 | Received a gift from Trog
 40511 | Vaults:1 | Reached XP level 20. HP: 184/195 MP: 17/19
 41700 | Vaults:1 | Received a gift from Trog
 42041 | Vaults:2 | HP: 6/195 [vault warden/halberd of chopping (16)]
 42044 | Vaults:2 | HP: 1/198 [deep elf sorcerer/rapier (3)]
 42046 | Vaults:2 | Slain by a vault warden

Skill      XL: |  1  2  3  4  5  6  7  8  9 10 11 12 13 14 15 16 17 18 19 20 |
---------------+-------------------------------------------------------------+-----
Long Blades    | 4 5 6 7 9 10 11 12 13 14 15 16 19 21 22 24 25 | 25.9
Fighting       | 4 5 6 8 9 10 11 12 14 15 17 18 19 20 21 | 21.0
Armour         | 3 4 6 8 9 10 11 12 13 14 15 16 17 18 | 18.3
Dodging        | 3 4 5 6 8 |  8.4
Stealth        | 1 |  1.5
Shields        | 2 6 9 12 14 15 | 15.4
Evocations     | 1 |  1.0
Unarmed Combat | |  0.7

Action                   |  1- 3 |  4- 6 |  7- 9 | 10-12 | 13-15 | 16-18 | 19-21 || total
-------------------------+-------+-------+-------+-------+-------+-------+-------++-------
Melee: Falchion          |    69 |    15 |       |       |       |       |       ||    84
       Headbutt          |     9 |    22 |    84 |   224 |   348 |   386 |   243 ||  1316
       Long sword        |       |    81 |   316 |   777 |    33 |       |       ||  1207
       Unarmed           |       |     8 |     1 |       |       |       |       ||     9
       Punch             |       |       |     1 |       |       |       |       ||     1
       Scimitar          |       |       |       |       |  1188 |  1387 |   804 ||  3379
Invok: Berserk           |     1 |     2 |     3 |    14 |    29 |    32 |     8 ||    89
       Burn Spellbooks   |       |       |     1 |     1 |     1 |     4 |     1 ||     8
       Brothers in Arms  |       |       |       |     5 |     6 |     2 |    12 ||    25
       Trog's Hand       |       |       |       |       |     1 |     1 |       ||     2
Evoke: Fan of gales      |       |       |       |     1 |       |       |     2 ||     3
       Wand              |       |       |       |     1 |       |     2 |     1 ||     4
       Lamp of fire      |       |       |       |       |       |     1 |     2 ||     3
       Phial of floods   |       |       |       |       |       |       |     1 ||     1
  Use: Scroll            |     2 |     1 |     6 |     9 |    16 |    13 |    11 ||    58
       Potion            |       |       |       |     5 |    10 |    10 |     5 ||    30
 Stab: Distracted        |       |       |       |       |       |       |     1 ||     1
  Eat: Bread ration      |       |     1 |     1 |     4 |     4 |     5 |     2 ||    17
       Beef jerky        |       |     1 |     1 |     3 |     2 |     3 |       ||    10
       Meat ration       |       |     1 |       |     2 |     3 |     4 |     4 ||    14
       Chunk             |       |       |     9 |    10 |    27 |     7 |       ||    53
       Pizza             |       |       |       |     1 |       |     1 |       ||     2
       Fruit             |       |       |       |       |       |    13 |       ||    13
       Royal jelly       |       |       |       |       |       |     1 |     1 ||     2
Armor: Chain mail        |    27 |    59 |   162 |    59 |       |       |       ||   307
       Animal skin       |     4 |       |       |       |       |       |       ||     4
       Plate armour      |       |       |       |   227 |   577 |    38 |   196 ||  1038
       Ring mail         |       |       |       |       |     8 |   229 |       ||   237
Dodge: Dodged            |    39 |    58 |   125 |   232 |   465 |   814 |   344 ||  2077
Block: Shield            |       |       |    41 |   533 |  1014 |  1022 |   517 ||  3127
       Rpst.: Falchion   |     9 |     2 |       |       |       |       |       ||    11
       Long sword        |       |    16 |    38 |    61 |     5 |       |       ||   120
       Scimitar          |       |       |       |       |    86 |   148 |    65 ||   299
